 Dungeon Crawl Stone Soup version 0.19.1 (webtiles) character file.

58 dvd the Stinger (level 4, -2/27 HPs)
             Began as an Octopode Venom Mage on Dec 16, 2016.
             Slain by an orc wizard
             ... wielding a +0 dagger
              (3 damage)
             ... on level 3 of the Dungeon.
             The game lasted 00:02:51 (1370 turns).

dvd the Stinger (Octopode Venom Mage)               Turns: 1370, Time: 00:02:52

Health: -2/27      AC:  1    Str:  7    XL:     4   Next: 1%
Magic:  1/7        EV: 13    Int: 18    God:
Gold:   60         SH:  0    Dex: 12    Spells: 1 memorised, 6 levels left

rFire  . . .     SeeInvis .     k - +0 short sword
rCold  . . .     Gourm    .     (no shield)
rNeg   . . .     Faith    .     (helmet restricted)
rPois  .         Spirit   .     (no amulet)
rElec  .         Reflect  .     f - ring of resist corrosion
rCorr  +         Harm     .     (no ring)
MR     .....                    (no ring)
Stlth  +++.......               (no ring)
                                (no ring)
                                (no ring)
                                (no ring)
                                (no ring)

@: no status effects
A: almost no armour, stealthy swim, amphibious, 8 rings, constrict 8, camouflage
1, gelatinous body 1
a: no special abilities


You were on level 3 of the Dungeon.
You were not hungry.

You visited 1 branch of the dungeon, and saw 3 of its levels.

You collected 60 gold pieces.

Inventory:

Hand Weapons
 k - a +0 short sword (weapon)
Jewellery
 f - a ring of resist corrosion (left tentacle)
Scrolls
 c - 6 scrolls of remove curse {unknown}
 h - a scroll of fear {unknown}
 j - a scroll of identify {unknown}
 l - a scroll of enchant armour {unknown}
Potions
 e - a potion of lignification {unknown}
 i - a potion of heal wounds {unknown}
 o - 2 potions of berserk rage {unknown}
Books
 a - a Young Poisoner's Handbook

   Spells                             Type                      Level
   a - Sting                          Conjuration/Poison           1
   b - Mephitic Cloud                 Conjuration/Poison/Air       3
   c - Olgreb's Toxic Radiance        Poison                       4
   d - Alistair's Intoxication        Transmutation/Poison         5
   e - Venom Bolt                     Conjuration/Poison           5
Comestibles
 b - a bread ration
 d - 2 slices of pizza
 g - 3 fruits
 m - a royal jelly
 n - a chunk of flesh


   Skills:
 + Level 0.2 Fighting
 + Level 0.4 Short Blades
 + Level 2.2 Dodging
 + Level 2.8 Stealth
 + Level 2.3 Spellcasting
 + Level 1.0 Conjurations
 + Level 5.7 Poison Magic


You had 6 spell levels left.
You knew the following spells:

 Your Spells              Type           Power        Failure   Level  Hunger
a - Sting                 Conj/Pois      ##..         6%          1    #......


Dungeon Overview and Level Annotations

Branches:
Dungeon (2/15)

Altars:
The Shining One


Innate Abilities, Weirdness & Mutations

You cannot wear most types of armour.
You are very stealthy in the water. (Stealth+)
You are amphibious.
You can wear up to eight rings at the same time.
You can use your tentacles to constrict eight enemies at once.
Your skin changes colour to match your surroundings (Stealth+).
Your rubbery body absorbs attacks. (AC +1, EV +1)


Message History

The orc wizard mumbles some strange words.
The orc wizard seems to speed up.
Unknown command.
Casting: Sting
Confirm with . or Enter, or press ? or * to list all spells.
You don't have enough magic to cast that spell.
Unknown command.
The orc barely misses you. The orc misses you.
The orc wizard hits you with a dagger.
* * * LOW HITPOINT WARNING * * *
Things that are here:
a dagger; a robe; an orc corpse The orc wizard points at you and mumbles some strange words.
The magic dart hits you!
* * * LOW HITPOINT WARNING * * *
A hobgoblin comes into view. It is wielding a club.
The orc barely misses you. The orc hits you with a hand axe.
* * * LOW HITPOINT WARNING * * *
The orc barely misses you. The orc wizard hits you with a dagger.
You die...

######### #.......#
#.......# #.......#
#.......# #..o...?#
########.@o....#
####........oo)...#
#........##.#######
#.....g..##.#
#...[...o##.####
#...............
####+####o......
....... ....###


You could see an orc wizard, 3 orcs and a hobgoblin (wandering).

Vanquished Creatures
  An orc wizard (D:3)
  A dart slug (D:1)
  3 bats
  A giant cockroach (D:1)
  3 goblins
  7 hobgoblins
  4 kobolds
  A frilled lizard (D:2)
  2 rats
23 creatures vanquished.

Notes
Turn   | Place    | Note
-------+----------+-------------------------------------------
     0 | D:1      | dvd the Octopode Venom Mage began the quest for the Orb.
     0 | D:1      | Reached XP level 1. HP: 11/11 MP: 3/3
   194 | D:1      | Reached skill level 5 in Poison Magic
   410 | D:1      | Reached XP level 2. HP: 11/17 MP: 1/5
   891 | D:1      | Found a glowing golden altar of the Shining One.
  1273 | D:2      | Reached XP level 3. HP: 21/21 MP: 4/6
  1340 | D:2      | You fall through a shaft!
  1362 | D:3      | Reached skill level 1 in Conjurations
  1364 | D:3      | Reached XP level 4. HP: 7/27 MP: 1/7
  1370 | D:3      | HP: 1/27 [orc/hand axe (1)]
  1370 | D:3      | Slain by an orc wizard

Skill      XL: |  1  2  3 |
---------------+----------+-----
Poison Magic   | 5 |  5.7
Conjurations   | 1 |  1.0
Fighting       | |  0.2
Short Blades   | |  0.4
Dodging        | |  2.2
Stealth        | |  2.8
Spellcasting   | |  2.3

Action                   |  1- 3 |  4- 6 || total
-------------------------+-------+-------++-------
Melee: Unarmed           |    11 |       ||    11
       Constrict         |     8 |       ||     8
       Tentacles         |     2 |       ||     2
       Short sword       |    12 |       ||    12
 Cast: Sting             |    31 |     1 ||    32
 Stab: Sleeping          |     2 |       ||     2
  Eat: Chunk             |     2 |       ||     2
Armor: Skin              |     1 |       ||     1
Dodge: Dodged            |    17 |     4 ||    21
